 Dungeon Crawl Stone Soup version 0.30-a0-1160-g6e42c06551 (webtiles) character file.

Game seed: 4305316854730933311

27 AleXD21137 the Grave Robber (level 3, 0/26 HPs)
             Began as a Ghoul Necromancer on Apr 25, 2023.
             Was a Follower of Fedhas.
             Slain by a hobgoblin (2 damage)
             ... on level 2 of the Dungeon.
             The game lasted 00:04:47 (968 turns).

AleXD21137 the Grave Robber (Ghoul Necromancer)      Turns: 968, Time: 00:04:48

Health: 0/26       AC:  2    Str: 11    XL:     3   Next: 10%
Magic:  4/4        EV: 12    Int: 10    God:    Fedhas [*.....]
Gold:   69         SH:  0    Dex: 11    Spells: 4/5 levels left

rFire   . .          .
                       - Unarmed
rCold   + . .        (no shield)
rNeg    + + +        a - +0 robe
rPois   ∞            (no helmet)
rElec   .            (no cloak)
rCorr   .            (no gloves)
SInv    .            (no boots)
Will    .....        c - amulet of regeneration
Stlth   ++           (no ring)
HPRegen 0.00/turn    (no ring)
MPRegen 0.09/turn

%: no passive effects
@: inhibited regen
A: claws 1, cold resistance 1, negative energy resistance 3, inhibited
regeneration, torment resistance 2, devour on kill
a: Renounce Religion


You were on level 2 of the Dungeon.
You worshipped Fedhas.
Fedhas was aware of your devotion.
You visited 1 branch of the dungeon, and saw 2 of its levels.

You collected 69 gold pieces.

Inventory:

Armour
 a - a +0 robe (worn)
Jewellery
 c - an amulet of regeneration (around neck)
Scrolls
 d - 2 scrolls of identify {unknown}
 f - a scroll of immolation {unknown}
 g - a scroll of torment {unknown}
Potions
 b - a potion of magic
 e - a potion of haste {unknown}


   Skills:
 + Level 0.2 Fighting
 + Level 2.1 Dodging
 + Level 2.3 Stealth
 + Level 1.1 Unarmed Combat
 + Level 1.9 Spellcasting
 + Level 4.3 Necromancy


You had 4 spell levels left.
You knew the following spells:

 Your Spells              Type           Power      Damage    Failure   Level
a - Necrotise             Necr           36%        1d5       5%          1

Your spell library contained the following spells:

 Spells                   Type           Power      Damage    Failure   Level
 Vampiric Draining        Necr           9%         2d6       16%         3
 Animate Dead             Necr           9%         N/A       45%         4
 Agony                    Necr           9%         N/A       82%         5


Dungeon Overview and Level Annotations

Branches:
Dungeon (2/15)

Altars:
Fedhas

Shops:
D:1 [


Innate Abilities, Weirdness & Mutations

You are immune to poison.
You have sharp fingernails.
Your flesh is cold resistant. (rC+)
You are immune to negative energy. (rN+++)
You do not regenerate when monsters are visible.
You are immune to unholy pain and torment.
You thrive by killing the living.


Message History

You barely miss the jackal.
The jackal is heavily wounded.
The jackal bites you. The jackal barely misses you.
You scratch the jackal but do no damage.
The jackal is heavily wounded.
The jackal closely misses you. The jackal barely misses you.
You scratch the jackal.
You kill the jackal!
Fedhas appreciates your contribution to the ecosystem.
The jackal closely misses you. The jackal completely misses you.
You scratch the hobgoblin but do no damage.
The hobgoblin closely misses you. The jackal bites you.
You scratch the hobgoblin but do no damage.
The jackal closely misses you. The hobgoblin hits you.
You barely miss the hobgoblin. The jackal bites you.
The hobgoblin hits you but does no damage.
The jackal bites you.
You scratch the hobgoblin but do no damage.
The jackal barely misses you. The hobgoblin misses you.
You scratch the hobgoblin.
The hobgoblin is moderately wounded.
The jackal barely misses you. The hobgoblin hits you. The jackal bites you.
* * * LOW HITPOINT WARNING * * *
You closely miss the hobgoblin.
The hobgoblin is moderately wounded.
The hobgoblin hits you but does no damage.
The jackal completely misses you.
You completely miss the hobgoblin.
The hobgoblin is moderately wounded.
The jackal bites you but does no damage.
The hobgoblin hits you.
* * * LOW HITPOINT WARNING * * *
You closely miss the hobgoblin.
The hobgoblin is moderately wounded.
The jackal misses you. The hobgoblin barely misses you.
You closely miss the hobgoblin.
The hobgoblin is moderately wounded.
The jackal barely misses you. The hobgoblin hits you.
You die...
Fedhas appreciates your contribution to the ecosystem.

... #.# #?#.#
#.... .# #.#.# .
#.#.# #####.# ##
#g#.# #....## #..
#@#.###.##..###..#
#h#.#.#.##...#....
#....#...........#
#...###......<.#
####.#....#.......
##.###.########
#.# #.# #.# #.#
#.# #.#


You could see a jackal and a hobgoblin.

Vanquished Creatures
  3 ball pythons (D:1)
  3 endoplasms
  A giant cockroach (D:1)
  2 goblins (D:1)
  7 hobgoblins (D:1)
  A jackal (D:2)
  A quokka (D:1)
  2 kobolds (D:1)
  2 rats (D:1)
22 creatures vanquished.

Notes
Turn   | Place    | Note
-------+----------+-------------------------------------------
     0 | D:1      | AleXD21137 the Ghoul Necromancer began the quest for the
                  | Orb.
     0 | D:1      | Reached XP level 1. HP: 14/14 MP: 2/2
   331 | D:1      | Reached XP level 2. HP: 10/20 MP: 3/3
   402 | D:1      | Found Koj Era's Antique Armour Boutique.
   645 | D:1      | Found a faded altar of an unknown god.
   654 | D:1      | Reached skill level 1 in Unarmed Combat
   704 | D:1      | Reached XP level 3. HP: 20/26 MP: 4/4
   712 | D:1      | Prayed at the altar of an unknown god.
   712 | D:1      | Became a worshipper of Fedhas Madash
   712 | D:1      | Reached * piety under Fedhas
   968 | D:2      | Slain by a hobgoblin

Illustrated notes

Levels and vault maps discovered:
D:1:      amcnicky_arrival_double_pillar, layout_loops_ring, serial_shops, shop,
          chequers_ecumenical_altar_island
D:2:      layout_loops_ring, basic_altar, minmay_tetromino_o2,
          uniq_crazy_yiuf_cottage, uniq_sigmund

Skill      XL: |  1  2 |
---------------+-------+-----
Dodging        | 2 |  2.1
Unarmed Combat | 1 |  1.1
Fighting       | |  0.2
Stealth        | |  2.3
Spellcasting   | |  1.9
Necromancy     | |  4.3

Action                     || total
---------------------------++-------
  Melee: Unarmed           ||   120
   Stab: Sleeping          ||     4
 Armour: Robe              ||    20
  Dodge: Dodged            ||    70

Table legend: (Time is in decaauts)
 A = Elapsed time spent in this place.
 B = Non-inter-level travel time spent in this place.
 C = Inter-level travel time spent in this place.
 D = Time resting spent in this place.
 E = Time spent auto-exploring this place.
 F = Levels seen in this place.
 G = Mean time per level.
                   A        B        C        D        E       F      G
               +--------+--------+--------+--------+--------+-----+--------+
         Total |    987 |    987 |      0 |      0 |    385 |   2 |  493.5 |
       Dungeon |    987 |    987 |      0 |      0 |    385 |   2 |  493.5 |
               +--------+--------+--------+--------+--------+-----+--------+

Top non-repeatable levels by time:
     D:1: 940 daAuts
     D:2: 47 daAuts
